 Dungeon Crawl Stone Soup version 0.30-a0-782-ge64f9170bb (webtiles) character file.

Game seed: 12601725626139272675

152118 Leeroy the Fencer (level 17, -2/85 (95) HPs)
             Began as a Vine Stalker Warper on Feb 19, 2023.
             Was the Champion of Jiyva.
             Killed from afar by a will-o-the-wisp (10 damage)
             ... with a foxfire
             ... on level 2 of the Swamp.
             The game lasted 01:00:00 (22531 turns).

Leeroy the Fencer (Vine Stalker Warper)            Turns: 22531, Time: 01:00:00

HP:   -2/85 (95)    AC: 14    Str: 17    XL:     17   Next: 27%
MP:   0/33          EV: 23    Int: 13    God:    Jiyva [******]
Gold: 1297          SH:  5    Dex: 36    Spells: 17/38 levels left

rFire   + . .      SeeInvis +    m - +0 great sword (flame)
rCold   + + +      Faith    .    (shield currently unavailable)
rNeg    . . .      Spirit   +    J - +2 robe {rC+ rF+}
rPois   +          Reflect  +    (helmet unavailable)
rElec   +          Harm     .    b - +2 cloak {rPois}
rCorr   +          Rampage  .    M - +0 pair of gloves
Will    ++...                    s - +3 pair of boots of the Thinker {rPois Str+2 Dex+3}
Stlth   ++                       e - amulet of reflection
HPRegen 2.74/turn                c - +6 ring of dexterity
MPRegen 0.73/turn                S - +6 ring of dexterity

@: heavily drained, very slow
A: fangs 3, regeneration 1, magic shield, antimagic bite, no potion heal 2,
antennae 3, cold resistance 3, electricity resistance, wild magic 2, gelatinous
body 1
}: 1/15 runes: gossamer
a: Renounce Religion, Oozemancy, Slimify


You were on level 2 of the Swamp.
You worshipped Jiyva.
Jiyva was exalted by your worship.
You visited 6 branches of the dungeon, and saw 29 of its levels.
You also visited: Sewer, Ice Cave and Volcano.

You collected 1572 gold pieces.
You spent 275 gold pieces at shops.

Inventory:

Hand Weapons
 m - a +0 great sword of flaming (weapon)
 A - a +6 great sword of freezing
 D - a +4 heavy falchion
 K - the +8 dagger "Xeetenoc" {flame, rC+}
   (You found it on level 5 of the Dungeon)

   rC:        It protects you from cold.
Missiles
 d - 7 boomerangs of dispersal
 r - 34 poisoned darts
 L - 10 silver javelins
 R - 3 curare-tipped darts (quivered)
 W - 2 silver boomerangs
Armour
 b - a +2 cloak of poison resistance (worn)
 k - the +1 leather armour "Reafes" {rPois Dex+4 SInv}
   (You found it on level 1 of the Spider Nest)

   Dex:       It affects your dexterity (+4).
   rPois:     It protects you from poison.
   SInv:      It lets you see invisible.
 s - the +3 pair of boots of the Thinker (worn) {rPois Str+2 Dex+3}
   (You bought it in a shop on level 9 of the Dungeon)

   Str:       It affects your strength (+2).
   Dex:       It affects your dexterity (+3).
   rPois:     It protects you from poison.
 t - a scarf of resistance
 y - a +1 pair of boots of flying
 J - a +2 robe of resistance (worn)
 M - a +0 pair of gloves (worn)
Jewellery
 c - a +6 ring of dexterity (left hand)
 e - an amulet of reflection (around neck)
 v - a ring of protection from cold
 x - a +5 ring of evasion
 F - a ring of wizardry
 I - a +5 ring of evasion
 Q - the ring "Judauni" {Ice *Corrode +Blink Will+ Int+2}
   (You found it in an ice cave)

   [ring of ice]

   It enhances your ice magic.
   Int:       It affects your intelligence (+2).
   rF:        It makes you vulnerable to fire.
   rC:        It protects you from cold.
   +Blink:    It lets you blink.
   *Corrode:  It may corrode you when you take damage.
   Will:      It increases your willpower.
 S - a +6 ring of dexterity (right hand)
 U - a ring of see invisible
Wands
 l - a wand of digging (2)
 B - a wand of polymorph (15)
 G - a wand of flame (30)
 P - a wand of charming (23)
 V - a wand of roots (15)
 Y - a wand of quicksilver (9)
Scrolls
 f - 4 scrolls of immolation
 g - a scroll of fear
 p - 9 scrolls of teleportation
 u - a scroll of silence
 C - a scroll of vulnerability
 E - 3 scrolls of poison
 N - 3 scrolls of brand weapon
 T - 3 scrolls of fog
Potions
 a - a potion of attraction
 h - 5 potions of brilliance
 i - 4 potions of resistance
 j - 4 potions of ambrosia
 n - 11 potions of curing
 o - 4 potions of flight
 q - 2 potions of invisibility
 w - 2 potions of cancellation
 z - 4 potions of might
 H - 5 potions of haste
 X - 5 potions of mutation
 Z - 3 potions of lignification {unknown}


   Skills:
 - Level 13.4 Fighting
 + Level 18.0 Long Blades
 - Level 0.8 Throwing
 - Level 6.1 Armour
 - Level 7.4 Dodging
 - Level 0.3 Shields
 - Level 11.3 Spellcasting
 - Level 12.0 Translocations
 - Level 0.1 Air Magic


You had 17 spell levels left.
You knew the following spells:

 Your Spells              Type           Power      Damage    Failure   Level
a - Blink                 Tloc           100%       N/A       1%          2
b - Vhi's Electric Charg  Tloc/Air       74%        N/A       7%          3
c - Ensorcelled Hibernat  Hex/Ice        22%        N/A       28%         2
d - Manifold Assault      Tloc           58%        N/A       3%          4
e - Gell's Gravitas       Tloc           58%        N/A       1%          3
f - Iskenderun's Mystic   Conj/Tloc      36%        2d9       19%         4
g - Ozocubu's Armour      Ice            11%        N/A       45%         3

Your spell library contained the following spells:

 Spells                   Type           Power      Damage    Failure   Level
 Lesser Beckoning         Tloc           100%       N/A       1%          2
 Teleport Other           Tloc           58%        N/A       1%          3
 Kindle Blastsparks       Fire/Tloc/Air  56%        2d14      13%         3
 Foxfire                  Conj/Fire      44%        2x1d6     21%         1
 Slow                     Hex            44%        N/A       21%         1
 Cigotuvi's Dreadful Rot  Necr/Pois/Air  22%        N/A       28%         2
 Scorch                   Fire           22%        2d6       28%         2
 Confusing Touch          Hex            11%        N/A       45%         3
 Hailstorm                Conj/Ice       11%        3d5       45%         3
 Inner Flame              Hex/Fire       11%        N/A       45%         3
 Spider Form              Tmut/Pois      11%        N/A       45%         3
 Vampiric Draining        Necr           11%        2d6       45%         3
 Airstrike                Air            6%         2d(1-17)  82%         4
 Anguish                  Hex/Necr       5%         N/A       82%         4
 Cause Fear               Hex            5%         N/A       82%         4
 Dispel Undead            Necr           11%        3d9       82%         4
 Flame Wave               Conj/Fire      11%        2d6       82%         4
 Fulminant Prism          Conj/Hex       5%         3d7       82%         4
 Ice Form                 Ice/Tmut       11%        N/A       82%         4
 Sticky Flame             Conj/Fire      11%        2d3       82%         4
 Summon Lightning Spire   Summ/Air       12%        N/A       82%         4
 Fireball                 Conj/Fire      5%         3d5       98%         5
 Lee's Rapid Deconstruct  Erth           5%         3d6*      98%         5
 Lightning Bolt           Conj/Air       6%         1d18      98%         5
 Metabolic Englaciation   Hex/Ice        5%         N/A       98%         5
 Death Channel            Necr           5%         N/A       100%        6
 Simulacrum               Ice/Necr       5%         N/A       100%        6
 Starburst                Conj/Fire      5%         6d4       100%        6
 Summon Cactus Giant      Summ           5%         N/A       100%        6
 Dragon Form              Tmut           5%         N/A       100%        7
 Dragon's Call            Summ           5%         N/A       100%        9


Dungeon Overview and Level Annotations

Branches:
Dungeon (12/15)            Temple (1/1) D:4            Lair (5/5) D:8
  Swamp (1/4) Lair:2       Spider (4/4) Lair:3        Slime (5/5) Lair:5
  Sewer (visited)           IceCv (visited)         Volcano (visited)
    Orc: D:9-12

Altars:
Ashenzari
Cheibriados
Dithmenos
Elyvilon
Fedhas
Gozag
Hepliaklqana
Kikubaaqudgha
Makhleb
Nemelex Xobeh
Okawaru
Qazlal
Ru
Sif Muna
Trog
Uskayaw
Vehumet
Wu Jian
Xom
Yredelemnul
Zin
The Shining One
Jiyva

Shops:
D:4 =   D:9 [*

Annotations:
Spider:2 2 transporters
Slime:5 Royal Jelly


Innate Abilities, Weirdness & Mutations

You have razor-sharp teeth.
Your natural rate of healing is unusually fast.
When hurt, damage is shared between your health and your magic reserves.
Your bite disrupts and absorbs the magic of your enemies.
Potions cannot restore your health.
You have a pair of large antennae on your head. (SInv)
Your flesh is almost immune to the effects of cold. (rC+++)
You are resistant to electric shocks. (rElec)
Your spells are harder to cast, but more powerful.
Your rubbery body absorbs attacks. (AC +1, EV +1)


Message History

You are engulfed in spectral mist.
The spectral spriggan air mage fades away!
You hear a distant slurping noise.
The alligator is engulfed in spectral mist.
The alligator puts on a burst of speed!
The swamp worm fires a harpoon shot at you.
The harpoon shot reflects off an invisible shield around you!
The harpoon shot hits the swamp worm!
The five-headed hydra attacks as you move away!
The five-headed hydra completely misses you.
The five-headed hydra bites you but does no damage.
The five-headed hydra closely misses you.
You block the five-headed hydra's attack.
The five-headed hydra misses you.
You are engulfed in spectral mist.
The five-headed hydra is engulfed in spectral mist.
You block the ghost crab's attack. The ghost crab closely misses you.
The five-headed hydra is engulfed in spectral mist.
The five-headed hydra misses you. The five-headed hydra bites you!!
The five-headed hydra barely misses you.
The five-headed hydra bites you!!
* * * LOW HITPOINT WARNING * * *
The five-headed hydra bites you but does no damage.
As you read the scroll of fear, it crumbles to dust.
You assume a fearsome visage.
The five-headed hydra looks frightened!
The spectral spriggan air mage is unaffected.
The ghost crab is unaffected.
The will-o-the-wisp is unaffected.
The alligator looks frightened!
The swamp worm looks frightened!
You are engulfed in spectral mist.
* * * LOW HITPOINT WARNING * * *
The will-o-the-wisp gestures.
The will-o-the-wisp conjures some foxfire!
The ghost crab breathes spectral mist at you.
The spectral mist engulfs you but does no damage.
The five-headed hydra is engulfed in spectral mist.
A foxfire comes into view.
A foxfire comes into view.
You are engulfed in spectral mist.
* * * LOW HITPOINT WARNING * * *
The foxfire hits you! You resist.
You die...

♣.♣~..§~.♣.♣...~..## #..
♣~~.~.♣..~§§Z~[♣~~..## #..~
~.~~.~.~~~~~w○♣~♣♣....#####t☼..
♣♣~~~♣♣......§§~~.°~~~.J.....~~.
♣~~w ♣..♣♣♣♣○♣.t.~........♣..
...~ ♣.. ♣§°.Z.♣≈≈.♣♣♣♣♣.~~♣
♣x♣t○♣≈≈J♣♣ ~t~ ♣○○○♣☼≈≈≈≈♣ ~~
♣Z@♣D≈≈≈≈≈≈♣ ~ ♣~~§...~v§v≈≈≈≈≈♣
♣♣~..§~.v§♣≈≈≈♣♣♣
♣.~~~.~....♣≈♣.♣
♣♣>.~.....♣..♣.~ ♣~~~♣>♣♣♣.♣.♣
♣≈≈♣~. ♣♣.♣ ### ♣. ♣


You could see a bunyip, an alligator (strong, swift, fleeing), a ghost crab, a
spectral death drake (summoned), a spectral spriggan air mage (summoned), a
spectral fenstrider witch (summoned), a will-o-the-wisp and a swamp worm
(strong, fleeing).

Vanquished Creatures
  Asterion (Spider:2)
  Gastronok (Lair:3)
  10 emperor scorpions
  5 ghost moths
  A broodmother (Spider:2)
  2 quicksilver oozes (IceCv)
  2 bunyips (Swamp:1)
  A minotaur (Lair:2)
  2 spark wasps
  5 entropy weavers
  An ogre mage (Volcano)
  7 hydras
  2 jorogumos
  A radroach (Spider:3)
  The ghost of gengaozo the Spry, a journeyman SpAr of Gozag (Lair:2)
  A catoblepas (Lair:2)
  A ghost crab (Swamp:2)
  A boulder beetle (Spider:1)
  An alligator (Swamp:1)
  6 two-headed ogres
  A death scarab (Spider:2)
  A death yak (Lair:5)
  Urug (Lair:3)
  Amaemon (Lair:3)
  A hell knight (Volcano)
  7 pharaoh ants
  4 skysharks
  A spriggan druid (Swamp:2)
  A bog body (Swamp:1)
  4 goliath frogs
  11 steelbarb worms
  2 orb spiders (Spider:2)
  A lindwurm (Lair:2)
  Pikel (D:4)
  An ugly thing (D:11)
  A will-o-the-wisp (Swamp:1)
  15 wolf spiders
  2 moths of wrath
  20 elephants
  Maurice (D:8)
  Joseph (D:8)
  11 demonic crawlers
  2 gargoyles
  4 molten gargoyles
  4 black mambas
  2 ice statues (IceCv)
  2 torpor snails (Lair:5)
  14 cane toads
  An unseen horror (D:10)
  An orange demon (Lair:3)
  An unseen horror zombie (D:9)
  7 komodo dragons
  A queen bee (Spider:1)
  6 meliai
  A troll (D:11)
  3 polar bears (Lair:5)
  2 hornets
  3 tyrant leeches
  24 tarantellas
  Grinder (D:4)
  23 blink frogs
  13 dream sheep (Lair:5)
  16 jumping spiders
  10 wyverns
  14 slime creatures (IceCv)
  27 culicivoras
  Sigmund (D:3)
  2 shadows (D:11)
  60 yaks
  4 basilisks
  A steam dragon (D:8)
  49 redbacks
  3 swamp worms
  Menkaure (D:4)
  7 vampire mosquitoes
  18 water moccasins
  2 hell hounds (Lair:5)
  A swamp drake (Swamp:1)
  3 orc warriors
  3 great orb of eyes simulacra (IceCv)
  A sky beast (D:8)
  6 ice beasts
  5 black bears
  10 wolves
  3 ogres
  9 centaurs
  A lemure (D:4)
  2 phantoms
  3 slime creature simulacra (IceCv)
  4 scorpions
  A wyvern zombie (D:9)
  17 bullfrogs
  6 necrophages
  4 glowing shapeshifter simulacra (IceCv)
  6 wights
  19 killer bees
  4 howler monkeys
  11 lava snakes
  2 centaur zombies (D:9)
  4 jellies
  5 hounds
  A human zombie (D:9)
  2 orc priests (D:4)
  Crazy Yiuf (D:3)
  Jessica (D:2)
  8 iguanas
  Natasha (thrice) (D:2)
  7 orc wizards
  Ijyb (D:3)
  5 shapeshifter simulacra (IceCv)
  2 mummies (D:9)
  2 howler monkey zombies (D:9)
  Robin (D:3)
  5 gnolls
  5 adders
  13 white imps
  An ufetubus (D:6)
  5 worms
  3 dart slugs
  25 orcs
  23 endoplasms
  9 giant cockroaches
  16 goblins
  11 hobgoblins
  7 jackals
  5 quokkas
  5 ball pythons
  14 bats
  A frilled lizard (D:1)
  16 kobolds
  6 rats
805 creatures vanquished.

Vanquished Creatures (collateral kills)
  Donald (Spider:2)
  A pharaoh ant (Spider:3)
  2 dream sheep (Lair:5)
  A jumping spider (Spider:3)
  A culicivora (Spider:3)
6 creatures vanquished.

Vanquished Creatures (others)
  A komodo dragon (Lair:5)
  A bloated husk (Swamp:1)
  A slime creature (IceCv)
  2 dream sheep (Lair:5)
  An orc warrior (D:6)
  A scorpion (Lair:3)
  A killer bee (Spider:1)
  59 jellies
  2 giant cockroaches (Lair:3)
  A butterfly (Lair:1)
  6 foxfires (Swamp:1)
  48 fungi
  136 plants
  7 toadstools (D:2)
267 creatures vanquished.

Grand Total: 1078 creatures vanquished

Notes
Turn   | Place    | Note
-------+----------+-------------------------------------------
     0 | D:1      | Leeroy the Vine Stalker Warper began the quest for the Orb.
     0 | D:1      | Reached XP level 1. HP: 11/11 MP: 4/4
    36 | D:1      | Reached skill level 2 in Long Blades
    61 | D:1      | Reached XP level 2. HP: 5/15 MP: 4/6
   246 | D:1      | Reached skill level 3 in Long Blades
   246 | D:1      | Reached XP level 3. HP: 17/18 MP: 5/7
   914 | D:2      | Noticed Jessica
   919 | D:2      | Killed Jessica
   920 | D:2      | Gained mutation: Your natural rate of healing is unusually
                  | fast. [Vine Stalker growth]
   920 | D:2      | Reached XP level 4. HP: 20/23 MP: 8/8
   935 | D:2      | Learned a level 2 spell: Blink
   939 | D:2      | Learned a level 3 spell: Vhi's Electric Charge
   991 | D:2      | Reached skill level 4 in Long Blades
  1036 | D:2      | Noticed Natasha
  1044 | D:2      | Killed Natasha
  1101 | D:2      | Reached XP level 5. HP: 26/26 MP: 9/9
  1204 | D:2      | Reached skill level 5 in Long Blades
  1215 | D:2      | Reached XP level 6. HP: 26/30 MP: 10/10
  1391 | D:2      | Identified the +3 spear "Wohumuro" {flame, rPois Int+2
                  | Dex+2}
  1542 | D:2      | Noticed Natasha
  1581 | D:2      | Killed Natasha
  1686 | D:2      | Noticed Natasha
  1694 | D:2      | Killed Natasha
  1837 | D:3      | Noticed Sigmund
  1853 | D:3      | Killed Sigmund
  1854 | D:3      | Reached skill level 6 in Long Blades
  1854 | D:3      | Reached XP level 7. HP: 30/34 MP: 9/11
  2093 | D:3      | Noticed Ijyb
  2103 | D:3      | Killed Ijyb
  2246 | D:3      | Noticed Robin
  2260 | D:3      | Reached skill level 7 in Long Blades
  2264 | D:3      | Killed Robin
  2335 | D:3      | Found a runed translucent door.
  2336 | D:3      | Noticed Crazy Yiuf
  2467 | D:3      | Killed Crazy Yiuf
  2695 | D:4      | Noticed Pikel
  2721 | D:4      | Killed Pikel
  2722 | D:4      | Reached skill level 8 in Long Blades
  2722 | D:4      | Gained mutation: You have razor-sharp teeth. [Vine Stalker
                  | growth]
  2722 | D:4      | Reached XP level 8. HP: 35/38 MP: 10/12
  2748 | D:4      | Found a glowing drain.
  2752 | Sewer    | Entered a sewer
  2788 | Sewer    | Reached skill level 9 in Long Blades
  2933 | D:4      | Found a staircase to the Ecumenical Temple.
  2934 | D:4      | Noticed Menkaure
  2940 | D:4      | Killed Menkaure
  2941 | D:4      | Reached skill level 10 in Long Blades
  2944 | Temple   | Entered the Ecumenical Temple
  3200 | D:4      | Reached XP level 9. HP: 22/42 MP: 6/13
  3263 | D:4      | Found a burning altar of Makhleb.
  3341 | D:4      | Noticed Grinder
  3354 | D:4      | Killed Grinder
  3498 | D:4      | Found Puonih's Jewellery Boutique.
  3646 | D:5      | Entered Level 5 of the Dungeon
  3754 | D:5      | Reached skill level 11 in Long Blades
  3761 | D:5      | Identified the +8 dagger "Xeetenoc" {flame, rC+}
  3843 | D:5      | Found a hide-covered altar of Uskayaw.
  3901 | D:5      | Found a glowing silver altar of Zin.
  4609 | D:6      | Reached skill level 12 in Long Blades
  4666 | D:6      | Found a sacrificial altar of Ru.
  4690 | D:6      | Found an iron altar of Okawaru.
  4775 | D:6      | Reached XP level 10. HP: 44/46 MP: 14/14
  4819 | D:6      | Reached skill level 13 in Long Blades
  4838 | D:6      | Found a white marble altar of Elyvilon.
  4852 | D:6      | Became a worshipper of Elyvilon the Healer
  5654 | D:7      | Found an ornate altar of the Wu Jian Council.
  5681 | D:7      | Reached * piety under Elyvilon
  5871 | D:8      | Noticed Joseph
  5885 | D:8      | Killed Joseph
  5886 | D:8      | Reached skill level 14 in Long Blades
  6058 | D:8      | Found a staircase to the Lair.
  6073 | D:8      | Reached XP level 11. HP: 50/50 MP: 15/15
  6074 | D:8      | Noticed Maurice
  6092 | D:8      | Killed Maurice
  6093 | D:8      | Reached skill level 15 in Long Blades
  6168 | D:8      | Noticed a two-headed ogre
  6179 | D:8      | Killed a two-headed ogre
  6618 | D:9      | Found Oviur's Antique Armour Shop.
  6668 | D:9      | Bought a pair of twisted boots for 275 gold pieces
  6668 | D:9      | Identified the +3 pair of boots of the Thinker {rPois Str+2
                  | Dex+3} (You bought it in a shop on level 9 of the Dungeon)
  6744 | D:9      | Reached skill level 5 in Dodging
  6750 | D:9      | Learned a level 2 spell: Ensorcelled Hibernation
  6755 | D:9      | Learned a level 4 spell: Manifold Assault
  6799 | D:9      | Found a glowing golden altar of the Shining One.
  6888 | D:9      | Reached ** piety under Elyvilon
  6980 | D:9      | Identified the +1 pair of gloves of Spite {-Cast rElec rN++
                  | rCorr}
  7057 | D:9      | Found Ravvatt's General Store.
  7231 | D:9      | Found an ancient bone altar of Kikubaaqudgha.
  7442 | D:10     | Entered Level 10 of the Dungeon
  7620 | D:10     | Reached XP level 12. HP: 56/56 MP: 16/16
  7673 | D:10     | Identified the +9 spear of Gaipp {flame, Dex+3}
  7708 | D:10     | Noticed a two-headed ogre
  7722 | D:10     | Reached skill level 1 in Armour
  7724 | D:10     | Killed a two-headed ogre
  8093 | D:11     | Reached *** piety under Elyvilon
  8379 | D:11     | Learned a level 3 spell: Gell's Gravitas
  8704 | D:11     | You fall into a shaft and drop 1 floor!
  8812 | Lair:1   | Entered Level 1 of the Lair of Beasts
  8823 | Lair:1   | Reached skill level 5 in Armour
  8990 | Lair:1   | Reached **** piety under Elyvilon
  9073 | Lair:1   | You fall into a shaft and drop 1 floor!
  9120 | Lair:2   | Noticed a minotaur
  9132 | Lair:2   | Killed a minotaur
  9243 | Lair:2   | Found a runed translucent door.
  9458 | Lair:1   | Reached skill level 5 in Spellcasting
  9461 | Lair:1   | Found a frozen archway.
  9476 | IceCv    | Entered an ice cave
  9513 | IceCv    | Noticed a quicksilver ooze
  9524 | IceCv    | Killed a quicksilver ooze
 10068 | IceCv    | Reached XP level 13. HP: 54/60 MP: 24/24
 10212 | IceCv    | Noticed a quicksilver ooze
 10227 | IceCv    | Killed a quicksilver ooze
 10533 | IceCv    | Found a viscous altar of Jiyva.
 10533 | IceCv    | Noticed an azure jelly
 10555 | IceCv    | Fell from the grace of Elyvilon
 10555 | IceCv    | Became a worshipper of Jiyva Jyulausu the Shapeless
 10570 | IceCv    | Got the ring "Judauni" {Ice *Corrode +Blink Will+ Int+2}
 11187 | Lair:2   | Reached skill level 5 in Fighting
 11319 | Lair:2   | Reached * piety under Jiyva
 11395 | Lair:2   | Learned a level 4 spell: Iskenderun's Mystic Blast
 11399 | Lair:2   | Learned a level 3 spell: Ozocubu's Armour
 11418 | Lair:2   | Found a large runed translucent door.
 11418 | Lair:2   | Found a large runed translucent door.
 11422 | Lair:2   | Noticed gengaozo's ghost (journeyman SpAr)
 11484 | Lair:2   | Found a staircase to the Swamp.
 11719 | Lair:2   | Reached ** piety under Jiyva
 12048 | Lair:2   | Killed gengaozo's ghost
 12116 | Lair:3   | Reached XP level 14. HP: 65/74 MP: 22/28
 12202 | Lair:3   | Noticed Amaemon
 12212 | Lair:3   | Noticed Gastronok
 12219 | Lair:3   | Killed Amaemon
 12220 | Lair:3   | Reached skill level 10 in Spellcasting
 12228 | Lair:3   | Killed Gastronok
 12508 | Lair:3   | Reached *** piety under Jiyva
 12508 | Lair:3   | Gained mutation: Your spells are a little harder to cast,
                  | but a little more powerful. [Jiyva's grace]
 12508 | Lair:3   | Gained mutation: Your spells are harder to cast, but more
                  | powerful. [Jiyva's grace]
 12508 | Lair:3   | Gained mutation: Your spells are much harder to cast, but
                  | much more powerful. [Jiyva's grace]
 12508 | Lair:3   | Gained mutation: You have a small jelly attached to you
                  | that senses nearby items. [Jiyva's grace]
 12560 | Lair:3   | Noticed Urug
 12562 | Lair:3   | Killed Urug
 12656 | Lair:3   | Found a hole to the Spider Nest.
 12878 | Spider:1 | Entered Level 1 of the Spider Nest
 12880 | Spider:1 | Identified the +1 leather armour "Reafes" {rPois Dex+4
                  | SInv}
 13252 | Lair:4   | Reached skill level 10 in Fighting
 13390 | Lair:4   | Reached **** piety under Jiyva
 14051 | Lair:5   | Entered Level 5 of the Lair of Beasts
 14093 | Lair:5   | Reached ***** piety under Jiyva
 14114 | Lair:5   | Found a runed translucent door.
 14114 | Lair:5   | Noticed an azure jelly
 14118 | Lair:5   | Found a staircase to the Slime Pits.
 14171 | Lair:5   | Lost mutation: You have a small jelly attached to you that
                  | senses nearby items. [Jiyva's grace]
 14171 | Lair:5   | Gained mutation: You have a somewhat thin skeletal
                  | structure. (Dex +2, Stealth+) [Jiyva's grace]
 14171 | Lair:5   | Gained mutation: You have a moderately thin skeletal
                  | structure. (Dex +4, Stealth++) [Jiyva's grace]
 14171 | Lair:5   | Gained mutation: You have an unnaturally thin skeletal
                  | structure. (Dex +6, Stealth+++) [Jiyva's grace]
 14171 | Lair:5   | Gained mutation: You are resistant to electric shocks.
                  | (rElec) [Jiyva's grace]
 14253 | Lair:5   | Found a dark tunnel.
 14261 | Lair:5   | Reached skill level 5 in Translocations
 14265 | Volcano  | Entered a volcano
 14546 | Volcano  | Found a radiant altar of Vehumet.
 14557 | Volcano  | Reached XP level 15. HP: 64/84 MP: 21/30
 15473 | Lair:5   | Identified the amulet "Vytuqik" {Reflect Contam Harm rCorr
                  | SH+5}
 15530 | Slime:1  | Entered Level 1 of the Pits of Slime
 15604 | Slime:1  | Noticed an acid blob
 15667 | Slime:1  | Noticed an azure jelly
 15715 | Slime:1  | Noticed a rockslime
 15785 | Slime:2  | Noticed an azure jelly
 15832 | Slime:2  | Noticed an acid blob
 15867 | Slime:2  | Noticed an acid blob
 15890 | Slime:2  | Found a viscous altar of Jiyva.
 16027 | Slime:3  | Noticed an acid blob
 16035 | Slime:3  | Noticed a rockslime
 16183 | Slime:3  | Noticed an acid blob
 16201 | Slime:3  | Noticed an azure jelly
 16226 | Slime:3  | Noticed a rockslime
 16260 | Slime:3  | Noticed an acid blob
 16289 | Slime:3  | Noticed an azure jelly
 16291 | Slime:3  | Noticed an acid blob
 16349 | Slime:3  | Noticed an acid blob
 16400 | Slime:3  | Noticed an acid blob
 16766 | Slime:4  | Noticed a rockslime
 16846 | Slime:4  | Noticed an acid blob
 17054 | Slime:5  | Entered Level 5 of the Pits of Slime
 17079 | Slime:5  | Noticed an azure jelly
 17136 | Slime:5  | Noticed the Royal Jelly
 17142 | Slime:5  | Noticed an azure jelly
 17145 | Slime:5  | Noticed an acid blob
 17153 | Slime:5  | Noticed an acid blob
 17153 | Slime:5  | Noticed an acid blob
 17157 | Slime:5  | Noticed an acid blob
 17167 | Slime:5  | Noticed an acid blob
 17172 | Slime:5  | Noticed an acid blob
 17179 | Slime:5  | Noticed an azure jelly
 17187 | Slime:5  | Found a viscous altar of Jiyva.
 17203 | Slime:5  | Noticed an acid blob
 17234 | Slime:5  | Noticed an acid blob
 17241 | Slime:5  | Noticed a rockslime
 17248 | Slime:5  | Noticed an azure jelly
 17249 | Slime:5  | Noticed an acid blob
 17252 | Slime:5  | Noticed an acid blob
 17565 | Spider:1 | Reached skill level 10 in Translocations
 17659 | Spider:1 | Identified the +1 flail "Noclits" {distort, Will+ Str+4}
 18165 | Spider:2 | Lost mutation: You have an unnaturally thin skeletal
                  | structure. (Dex +6, Stealth+++) [Jiyva's grace]
 18165 | Spider:2 | Lost mutation: You have a moderately thin skeletal
                  | structure. (Dex +4, Stealth++) [Jiyva's grace]
 18165 | Spider:2 | Gained mutation: You have a pair of small antennae on your
                  | head. [Jiyva's grace]
 18165 | Spider:2 | Gained mutation: You have a pair of antennae on your head.
                  | [Jiyva's grace]
 18165 | Spider:2 | Gained mutation: You have a pair of large antennae on your
                  | head. (SInv) [Jiyva's grace]
 18165 | Spider:2 | Gained mutation: You are partially covered in large bone
                  | plates. (SH +4) [Jiyva's grace]
 18165 | Spider:2 | Noticed a ghost moth
 18166 | Spider:2 | Reached ****** piety under Jiyva
 18174 | Spider:2 | Killed a ghost moth
 18449 | Spider:2 | Found a transporter.
 18449 | Spider:2 | Found a transporter.
 18453 | Spider:2 | Noticed Donald
 18474 | Spider:2 | Killed Donald
 18662 | Spider:2 | Noticed Asterion
 18668 | Spider:2 | Killed Asterion
 18811 | Spider:2 | Reached XP level 16. HP: 90/90 MP: 28/31
 20247 | Spider:4 | Entered Level 4 of the Spider Nest
 20262 | Spider:4 | Reached skill level 16 in Long Blades
 20459 | Spider:4 | HP: 2/91 [emperor scorpion (5)]
 20746 | Spider:4 | Lost mutation: You are partially covered in large bone
                  | plates. (SH +4) [Jiyva's grace]
 20746 | Spider:4 | Lost mutation: You have a somewhat thin skeletal structure.
                  | (Dex +2, Stealth+) [Jiyva's grace]
 20746 | Spider:4 | Lost mutation: Your spells are much harder to cast, but
                  | much more powerful. [Jiyva's grace]
 20746 | Spider:4 | Gained mutation: Your flesh is cold resistant. (rC+)
                  | [Jiyva's grace]
 20746 | Spider:4 | Gained mutation: Your flesh is very cold resistant. (rC++)
                  | [Jiyva's grace]
 20746 | Spider:4 | Gained mutation: Your flesh is almost immune to the effects
                  | of cold. (rC+++) [Jiyva's grace]
 20746 | Spider:4 | Gained mutation: Your rubbery body absorbs attacks. (AC +1,
                  | EV +1) [Jiyva's grace]
 21263 | Spider:4 | Reached skill level 17 in Long Blades
 21518 | Spider:4 | Reached XP level 17. HP: 95/95 MP: 22/33
 21879 | Spider:4 | Identified the +0 hat "Gierghey" {Contam rPois SInv}
 21891 | Spider:4 | Got a gossamer rune of Zot
 22304 | Swamp:1  | Entered Level 1 of the Swamp
 22426 | Swamp:1  | You fall into a shaft and drop 1 floor!
 22505 | Swamp:2  | Reached skill level 18 in Long Blades
 22531 | Swamp:2  | HP: 3/85 [ghost crab] (10)]
 22531 | Swamp:2  | Killed from afar by a will-o-the-wisp

Illustrated notes

Levels and vault maps discovered:
D:1:      minmay_arrival_checkered_box, layout_loops_cross,
          kennysheep_nondescript
D:2:      cheibrodos_fertilizer, layout_basic, chequers_serial_rivers_small_a,
          uniq_natasha, uniq_jessica
D:3:      layout_basic, minmay_checkerbox, uniq_crazy_yiuf_cottage, uniq_ijyb,
          uniq_sigmund, uniq_robin
D:4:      layout_loops_ring, makhleb_blood_cavern_becter,
          minmay_temple_entry_arrows, gup_sewer_entry_bowl, serial_shops,
          kennysheep_mini, uniq_grinder, uniq_menkaure, uniq_pikel
D:5:      layout_cave_pods, amcnicky_altar_gilded, general_overflow_altar,
          kennysheep_generic_room_13
D:6:      layout_rooms, mainiacjoe_overflow_alcove_2, okawaru_metal_pillars_1_2,
          minmay_ruined_shrine
D:7:      layout_rooms, pdpol_wu_jian_five_deadly_venoms
D:8:      layout_gridville, minmay_lair_entry_grove, corexii_corridor_pit,
          minmay_quadrilaterals, uniq_joseph, uniq_maurice
D:9:      layout_basic, lemuel_mausoleum_altar_kikubaaqudgha,
          nicolae_tso_swordbearing_angel, serial_shops, nicolae_lakefront_shop,
          shop
D:10:     layout_roguey
D:11:     layout_long_grid
D:12:     layout_rooms, hiddenorc2_lemuel, mrwooster_statue_mirror
Temple:   nicolae_temple_two_arcs
Lair:1:   layout_gridlike, portal_ice_cave_entry_imps, serial_bayou_shore_b,
          grunt_megastairs_3, lemuel_fruit_fields
Lair:2:   dreamdust_labyrinth, layout_misc_corridors, swamp_mist,
          ebering_ghost_disaster_area, minivault_11,
          infiniplex_staircase_pool_2, grunt_megastairs_5, lemuel_fruit_tree
Lair:3:   cheibrodos_magma_flow, layout_gridlike,
          nicolae_spider_entry_non_spiders, uniq_amaemon, uniq_urug,
          uniq_gastronok
Lair:4:   layout_regular_city
Lair:5:   minmay_lair_end_frog_pond, layout_cave_pods, slime_entry_2,
          enter_volcano_3
Swamp:1:  gammafunk_worm_tunnel, layout_falls_marsh, hangedman_swamp_ruin_wall,
          swamp_pool5, nicolae_swamp_fairy_circle,
          nicolae_swamp_frolicking_bunyips
Swamp:2:  layout_falls_marsh, evilmike_swamp_ruin_house_3, swamp_pool2,
          grunt_witch_cave
Spider:1: layout_spider_delve, special_room [special_room_bee]
Spider:2: gammafunk_boulding_lane, hangedman_spider_tarantella_strand,
          uniq_donald, uniq_asterion
Spider:3: layout_spider_delve, special_room
Spider:4: grunt_spider_rune_circles
Slime:1:  layout_caves
Slime:2:  cheibrodos_slime_lost_civilization_10, layout_caves, basic_altar
Slime:3:  cheibrodos_slime_lost_civilization_2, layout_caves,
          nicolae_slime_round_cave
Slime:4:  nicolae_slime_jelly_donut, layout_caves
Slime:5

Skill      XL: |  1  2  3  4  5  6  7  8  9 10 11 12 13 14 15 16 17 |
---------------+----------------------------------------------------+-----
Long Blades    | 2 3 4 5 6 8 10 12 14 15 17 18 | 18.0
Fighting       | 3 8 12 13 | 13.4
Dodging        | 7 |  7.4
Armour         | 6 |  6.1
Spellcasting   | 7 9 10 11 | 11.3
Translocations | 6 12 | 12.0
Throwing       | |  0.8
Shields        | |  0.3
Air Magic      | |  0.1

Action                     |  1- 3 |  4- 6 |  7- 9 | 10-12 | 13-15 | 16-18 || total
---------------------------+-------+-------+-------+-------+-------+-------++-------
  Melee: Falchion          |   106 |     9 |       |   446 |   266 |       ||   827
         Bite              |    28 |    30 |    89 |   244 |   346 |   155 ||   892
         Long sword        |       |   101 |   325 |    38 |       |       ||   464
         Punch             |       |     2 |     4 |    10 |     9 |       ||    25
         Unarmed           |       |     8 |       |       |       |       ||     8
         Dagger            |       |       |       |   130 |   100 |       ||   230
         Short sword       |       |       |       |    31 |    11 |       ||    42
         Great sword       |       |       |       |       |   493 |   466 ||   959
  Throw: Dart              |       |       |       |     4 |       |       ||     4
   Cast: Vhi's Electric Ch |       |       |       |     3 |    17 |    16 ||    36
         Blink             |       |       |       |     2 |     6 |     3 ||    11
         Manifold Assault  |       |       |       |       |    23 |    55 ||    78
  Evoke: Wand              |       |       |       |     7 |     7 |       ||    14
    Use: Scroll            |       |       |       |    15 |    14 |    12 ||    41
         Potion            |       |       |       |       |     2 |       ||     2
   Stab: Sleeping          |     1 |       |       |     3 |    13 |     1 ||    18
         Distracted        |       |       |       |       |     7 |     1 ||     8
 Armour: Leather armour    |    27 |     3 |       |       |       |       ||    30
         Ring mail         |       |    48 |   133 |   144 |       |       ||   325
         Robe              |       |       |       |    11 |   291 |   143 ||   445
  Dodge: Dodged            |    75 |    52 |   189 |   505 |  1101 |   443 ||  2365
  Block: Other             |    30 |    29 |    67 |   150 |   253 |   175 ||   704
         Reflection        |     1 |     1 |       |     4 |     2 |     1 ||     9

Table legend: (Time is in decaauts)
 A = Elapsed time spent in this place.
 B = Non-inter-level travel time spent in this place.
 C = Inter-level travel time spent in this place.
 D = Time resting spent in this place.
 E = Time spent auto-exploring this place.
 F = Levels seen in this place.
 G = Mean time per level.
                   A        B        C        D        E       F      G
               +--------+--------+--------+--------+--------+-----+--------+
         Total |  22328 |  21100 |   1228 |   2294 |  12587 |  32 |  697.8 |
       Dungeon |   8529 |   7953 |    576 |    122 |   5633 |  12 |  710.8 |
        Temple |    121 |    121 |      0 |      0 |    104 |   1 |  121.0 |
          Lair |   5231 |   4823 |    408 |    276 |   3062 |   5 | 1046.2 |
         Swamp |    231 |    231 |      0 |     63 |     53 |   2 |  115.5 |
   Spider Nest |   4590 |   4441 |    149 |   1283 |   1754 |   4 | 1147.5 |
    Slime Pits |   1937 |   1843 |     94 |      0 |   1677 |   5 |  387.4 |
         Sewer |     80 |     80 |      0 |      0 |     44 |   1 |   80.0 |
      Ice Cave |   1135 |   1135 |      0 |    549 |    124 |   1 | 1135.0 |
       Volcano |    472 |    472 |      0 |      0 |    135 |   1 |  472.0 |
               +--------+--------+--------+--------+--------+-----+--------+

Top non-repeatable levels by time:
Spider:4: 1727 daAuts
  Lair:2: 1305 daAuts
  Lair:3: 1194 daAuts
   IceCv: 1135 daAuts
  Lair:5: 1106 daAuts
Spider:3: 1043 daAuts
Spider:2: 1021 daAuts
     D:3: 940 daAuts
     D:9: 883 daAuts
     D:1: 878 daAuts
     D:2: 852 daAuts
  Lair:4: 848 daAuts
     D:5: 842 daAuts
     D:8: 839 daAuts
     D:4: 803 daAuts
